 Dungeon Crawl Stone Soup version 0.17-a0-1738-g82cdc46 (webtiles) character file.

141 kae the Cudgeler (level 5, -4/41 HPs)
             Began as a Demonspawn Fighter on Aug 30, 2015.
             Was an Initiate of Okawaru.
             Killed by divine providence
             ... invoked by an orc priest
              (13 damage)
             ... on level 2 of the Dungeon.
             The game lasted 00:03:06 (2477 turns).

kae the Cudgeler (Demonspawn Fighter)               Turns: 2477, Time: 00:03:06

Health: -4/41      AC:  6    Str: 16    XL:     5   Next: 3%
Magic:  0/5        EV:  6    Int:  9    God:    Okawaru [......]
Gold:   134        SH:  9    Dex: 17    Spells: 0 memorised, 4 levels left

rFire  . . .     SeeInvis +     a - +0 flail
rCold  + . .     Clarity  .     b - +0 scale mail
rNeg   . . .     SustAt   .     c - +0 shield
rPois  .         Gourm    .     (no helmet)
rElec  .         Spirit   +     (no cloak)
rCorr  .         Warding  .     (no gloves)
rMut   .         Stasis   .     (no boots)
MR     .....                    (no amulet)
Stlth  ..........               m - ring of see invisible
                                l - +3 ring of dexterity

@: not resistant to hostile enchantments, extremely unstealthy
A: claws 1, talons 1, cold resistance 1, magic shield
a: Renounce Religion


You were on level 2 of the Dungeon.
You worshipped Okawaru.
Okawaru was noncommittal.
You were not hungry.

You visited 1 branch of the dungeon, and saw 3 of its levels.

You collected 134 gold pieces.

Inventory:

Hand weapons
 a - a +0 flail (weapon)
Armour
 b - a +0 scale mail (worn)
 c - a +0 shield (worn)
Jewellery
 l - a +3 ring of dexterity (left claw)
 m - a ring of see invisible (right claw)
Magical devices
 r - a wand of fireball (7)
Scrolls
 g - a scroll of noise {unknown}
 h - 3 scrolls of identify {unknown}
 j - a scroll of magic mapping {unknown}
 k - a scroll of blinking {unknown}
 s - a scroll of teleportation {unknown}
Potions
 d - 2 potions of might
 f - a potion of flight {unknown}
 i - a potion of lignification {unknown}
 n - 2 potions of haste {unknown}
 o - a potion of ambrosia {unknown}
Comestibles
 e - 2 bread rations
 p - 3 fruits


   Skills:
 - Level 3.0 Fighting
 + Level 4.7 Maces & Flails
 - Level 2.6 Armour
 - Level 2.6 Shields


You had 4 spell levels left.
You didn't know any spells.

Dungeon Overview and Level Annotations

Branches:
Dungeon (3/15)

Altars:
Makhleb
Okawaru
Trog
Zin


Innate Abilities, Weirdness & Mutations

You have sharp fingernails.
You have sharp toenails.
Your flesh is cold resistant.
When hurt, damage is shared between your health and your magic reserves.


Message History

You block the orc's attack.
The orc priest invokes the aid of Beogh against you.
Something smites you!
* * * LOW HITPOINT WARNING * * *
You block the orc's attack.
You climb upwards.
There is a stone staircase leading down here.
Unknown command.
Unknown command.
You are too injured to fight recklessly!
You are too injured to fight recklessly!
You hit the orc priest but do no damage.
You block the orc priest's attack.
You hit the orc priest but do no damage.
The orc priest casts a cantrip, but nothing happens.
You block the orc priest's attack.
You hit the orc priest but do no damage.
The orc priest calls down the wrath of Beogh upon you.
Something smites you!
You die...

##...## ##. #⌠.#.⌠#
#..
########...#####..
##......##.###.....
###.......##∩#⌠#....<
#.'.......#⌠...∩.####
#.#.......##∩#⌠#.....
#.#.)o....##.####.###
#.#.@....##...##.....
#.#......#⌠.#.⌠######
#.####...##...##....'
#.........##_########
######.##########....
#...............
############....
#........##
#.######.#.


You could see an orc priest.

Vanquished Creatures
  Ijyb (D:2)
  Robin (D:3)
  4 adders
  A worm (D:2)
  An orc (D:3)
  4 bats
  16 goblins
  9 hobgoblins
  10 jackals
  6 kobolds
  2 giant geckos
  3 giant newts
  A quokka (D:2)
  5 rats
64 creatures vanquished.

Notes
Turn   | Place    | Note
--------------------------------------------------------------
     0 | D:1      | kae the Demonspawn Fighter began the quest for the Orb.
     0 | D:1      | Reached XP level 1. HP: 18/18 MP: 1/1
   267 | D:1      | Gained mutation: Your flesh is cold resistant. [demonic ancestry]
   267 | D:1      | Reached XP level 2. HP: 22/24 MP: 2/2
   900 | D:2      | Noticed Ijyb
   934 | D:2      | Killed Ijyb
   934 | D:2      | Gained mutation: You have sharp fingernails. [demonic ancestry]
   934 | D:2      | Reached XP level 3. HP: 27/29 MP: 3/3
  1004 | D:2      | Found an iron altar of Okawaru.
  1008 | D:2      | Became a worshipper of Warmaster Okawaru
  1025 | D:2      | Found a bloodstained altar of Trog.
  1260 | D:2      | Found a burning altar of Makhleb.
  1262 | D:2      | Found a glowing silver altar of Zin.
  1262 | D:2      | Noticed an angel
  1263 | D:2      | Noticed a balrug
  1300 | D:2      | Gained mutation: You have sharp toenails. [demonic ancestry]
  1300 | D:2      | Reached XP level 4. HP: 25/35 MP: 4/4
  1641 | D:2      | Reached skill level 4 in Maces & Flails
  2066 | D:3      | Noticed Robin
  2077 | D:3      | Killed Robin
  2167 | D:3      | Gained mutation: When hurt, damage is shared between your health and your magic reserves. [demonic ancestry]
  2167 | D:3      | Reached XP level 5. HP: 35/41 MP: 5/5
  2477 | D:2      | Killed from afar by an orc priest

Vault maps used:
D:1:      dpeg_arrival_arbitrary_b
D:2:      grunt_temple_overflow_order_and_chaos_2,
          amethyst_overflow_temple_binary, minmay_misc_feat_enclosed, uniq_iyjb
D:3:      kennysheep_goblin_castle

Action                   |  1- 3 |  4- 6 || total
-------------------------+-------+-------++-------
Melee: Flail             |   130 |   110 ||   240
  Use: Potion            |       |     1 ||     1
  Eat: Chunk             |     1 |     4 ||     5
